 Dungeon Crawl Stone Soup version 0.30-a0-883-g5ad918d77d (webtiles) character file.

Game seed: 4794068200814188925

567 Firons2 the Firebug (level 7, 0/36 HPs)
             Began as a Deep Elf Fire Elementalist on Mar 16, 2023.
             Slain by an iguana (9 damage)
             ... on level 4 of the Dungeon.
             The game lasted 00:11:48 (4232 turns).

Firons2 the Firebug (Deep Elf Fire Elementalist)    Turns: 4232, Time: 00:11:50

Health: 0/36       AC:  3    Str:  5    XL:     7   Next: 11%
Magic:  9/18       EV: 13    Int: 22    God:
Gold:   217        SH:  0    Dex: 15    Spells: 12/18 levels left

rFire   . . .      SeeInvis .    m - +1 dagger (elec)
rCold   . . .      Faith    .    (no shield)
rNeg    . . .      Spirit   .    a - +0 robe
rPois   .          Reflect  .    p - +0 helmet
rElec   .          Rampage  .    (no cloak)
rCorr   +                        (no gloves)
Will    .....                    (no boots)
Stlth   ++                       (no amulet)
HPRegen 0.26/turn                i - ring of resist corrosion
MPRegen 0.16/turn                (no ring)

@: very slightly contaminated
A: no striking features
a: no special abilities


You were on level 4 of the Dungeon.
You visited 1 branch of the dungeon, and saw 5 of its levels.

You collected 217 gold pieces.

Inventory:

Hand Weapons
 m - a +1 dagger of electrocution (weapon)
Missiles
 n - 4 poisoned darts
 s - a throwing net
Armour
 a - a +0 robe (worn)
 p - a +0 helmet (worn)
Jewellery
 i - a ring of resist corrosion (left hand)
Scrolls
 e - a scroll of enchant armour {unknown}
 f - 2 scrolls of identify {unknown}
 h - a scroll of fear {unknown}
 j - 2 scrolls of magic mapping {unknown}
Potions
 b - a potion of magic
 c - 3 potions of curing {unknown}
 d - 2 potions of degeneration {unknown}
 g - 2 potions of invisibility {unknown}
 k - a potion of haste {unknown}
 l - 2 potions of attraction {unknown}
 o - a potion of flight {unknown}
 q - a potion of heal wounds {unknown}
 r - a potion of might {unknown}


   Skills:
 + Level 3.6 Dodging
 + Level 2.7 Stealth
 + Level 6.0 Spellcasting
 + Level 3.3 Conjurations
 + Level 0.9 Hexes
 + Level 6.3 Fire Magic


You had 12 spell levels left.
You knew the following spells:

 Your Spells              Type           Power      Damage    Failure   Level
a - Foxfire               Conj/Fire      100%       2x1d9     1%          1
b - Scorch                Fire           68%        2d8       1%          2
c - Inner Flame           Hex/Fire       22%        N/A       6%          3

Your spell library contained the following spells:

 Spells                   Type           Power      Damage    Failure   Level
 Sandblast                Erth           12%        2d6       9%          1
 Kindle Blastsparks       Fire/Tloc/Air  30%        2d12      12%         3
 Flame Wave               Conj/Fire      27%        2d9       12%         4
 Passwall                 Tmut/Erth      5%         N/A       14%         2
 Stone Arrow              Conj/Erth      26%        3d8       14%         3
 Portal Projectile        Hex/Tloc       16%        N/A       22%         3
 Call Canine Familiar     Summ           6%         N/A       26%         3
 Cause Fear               Hex            5%         N/A       52%         4
 Leda's Liquefaction      Hex/Erth       4%         N/A       58%         4
 Discord                  Hex            5%         N/A       100%        8


Dungeon Overview and Level Annotations

Branches:
Dungeon (5/15)
 Temple: D:4-7

Altars:

Shops:
D:3 (


Message History

Aiming: Inner Flame (dangerous; 6% risk of failure)
Press: ? - help, Dir - move target, f - iguana
Aim: an iguana (chance to affect: 84%)
Okay, then.
The ogre misses you. The iguana completely misses you.
You climb upwards.
There is a stone staircase leading down here.
Casting: Inner Flame (dangerous; 6% risk of failure)
Confirm with . or Enter, or press ? or * to list all spells.
Aiming: Inner Flame (dangerous; 6% risk of failure)
Press: ? - help, Dir - move target, f - ogre
Aim: an ogre, wielding a +0 giant club (chance to affect: 78%)
You miscast Inner Flame.
You are very lightly contaminated with residual magic.
Nothing appears to happen.
The iguana bites you. The ogre misses you.
Casting: Inner Flame (dangerous; 6% risk of failure)
Confirm with . or Enter, or press ? or * to list all spells.
Aiming: Inner Flame (dangerous; 6% risk of failure)
Press: ? - help, Dir - move target, f/p - ogre
Aim: an ogre, wielding a +0 giant club (chance to affect: 78%)
The ogre is filled with an inner flame.
The iguana barely misses you. The ogre hits you with a +0 giant club!
The iguana barely misses you. The ogre attacks as you move away!
The ogre completely misses you.
Casting: Inner Flame (dangerous; 6% risk of failure)
Confirm with . or Enter, or press ? or * to list all spells.
You conjure some foxfire!
The iguana closely misses you.
Casting: Foxfire (safe; 1% risk of failure)
Confirm with . or Enter, or press ? or * to list all spells.
Flames lash the iguana.
The iguana is severely wounded.
The iguana's fire resistance burns away.
The foxfire hits the ogre.
Flame seeps out of the ogre.
The ogre is lightly wounded.
The foxfire hits the iguana but does no damage.
The iguana is severely wounded.
The ogre is engulfed in blazing flames.
Flame seeps out of the ogre.
The ogre hits you with a +0 giant club!
* * * LOW HITPOINT WARNING * * *
The iguana bites you!
You die...

##
#........##.....#..#(....#
#......[.##.....#..#.....#
#..#.....####...........##
#........# #.###..##.#.#
#.##.##.## #.# #.......#
#.......# ###>###.......#
#.##.#.## #.....#####.###
#.##.#.# #.ยงยง..# #.#
#.##.<.# #.@...# ###.##
#.###..# #.lO..# #....#
#.###..# #.>...# #.#.##
#......# ####### #.###
#####.## ######## #.# #.#
#......# #.# #.####.####.#
#># #......####.###.#
#####...........#


You could see an ogre (inner flame) and an iguana (combustible).

Vanquished Creatures
  An ogre (D:5)
  A scorpion (D:5)
  A howler monkey (D:5)
  A gnoll bouda (D:4)
  2 jellies (D:4)
  An orc wizard (D:3)
  12 gnolls
  7 adders
  A white imp (D:5)
  6 worms
  A dart slug (D:4)
  4 orcs
  6 bats
  6 endoplasms
  7 giant cockroaches
  4 goblins
  4 hobgoblins
  5 quokkas
  3 ball pythons
  4 frilled lizards
  4 kobolds
  5 rats
86 creatures vanquished.

Vanquished Creatures (others)
  309 foxfires
  2 plants (D:5)
311 creatures vanquished.

Grand Total: 397 creatures vanquished

Notes
Turn   | Place    | Note
-------+----------+-------------------------------------------
     0 | D:1      | Firons2 the Deep Elf Fire Elementalist began the quest for
                  | the Orb.
     0 | D:1      | Reached XP level 1. HP: 10/10 MP: 6/6
   222 | D:1      | Reached XP level 2. HP: 15/15 MP: 5/8
   767 | D:1      | Learned a level 2 spell: Scorch
   927 | D:2      | Reached XP level 3. HP: 15/19 MP: 3/9
  1500 | D:2      | Reached XP level 4. HP: 21/24 MP: 4/11
  2231 | D:3      | Reached skill level 5 in Fire Magic
  2231 | D:3      | Reached XP level 5. HP: 28/28 MP: 7/13
  2243 | D:3      | Learned a level 3 spell: Inner Flame
  2310 | D:3      | Found Qonun's Weapon Shop.
  3245 | D:4      | Reached XP level 6. HP: 32/32 MP: 9/15
  3590 | D:4      | Reached skill level 5 in Spellcasting
  4012 | D:5      | Entered Level 5 of the Dungeon
  4116 | D:5      | Reached XP level 7. HP: 36/36 MP: 0/18
  4232 | D:4      | Slain by an iguana

Illustrated notes

Levels and vault maps discovered:
D:1:      lightli_arrival_statuegarden, layout_rooms, columned_hall_lemuel,
          hangedman_decor_points, solitary_fountain, minmay_strange_pillars,
          minivault_23
D:2:      layout_loops_cross, nicolae_grassy_gnolls
D:3:      layout_loops_ring, serial_shops, shop
D:4:      layout_loops_cross
D:5:      layout_rooms, gammafunk_temple_overflow_forgotten, serial_bayou,
          serial_bayou_pond_d, serial_bayou_ford_a, serial_bayou_pond_b,
          serial_bayou_pond_a, chequers_serial_rivers_small_3,
          uniq_crazy_yiuf_cottage

Skill      XL: |  1  2  3  4  5  6 |
---------------+-------------------+-----
Fire Magic     | 4 5 6 |  6.3
Dodging        | 3 |  3.6
Spellcasting   | 4 6 |  6.0
Conjurations   | 2 3 |  3.3
Stealth        | |  2.7
Hexes          | |  0.9

Action                     |  1- 3 |  4- 6 |  7- 9 || total
---------------------------+-------+-------+-------++-------
  Melee: Unarmed           |       |     1 |       ||     1
   Cast: Foxfire           |    76 |   110 |     1 ||   187
         Scorch            |     6 |     7 |     1 ||    14
         Inner Flame       |       |     3 |     1 ||     4
 Armour: Robe              |     6 |     2 |       ||     8
  Dodge: Dodged            |    17 |    19 |     8 ||    44

Table legend: (Time is in decaauts)
 A = Elapsed time spent in this place.
 B = Non-inter-level travel time spent in this place.
 C = Inter-level travel time spent in this place.
 D = Time resting spent in this place.
 E = Time spent auto-exploring this place.
 F = Levels seen in this place.
 G = Mean time per level.
                   A        B        C        D        E       F      G
               +--------+--------+--------+--------+--------+-----+--------+
         Total |   4231 |   4032 |    199 |      0 |   3425 |   5 |  846.2 |
       Dungeon |   4231 |   4032 |    199 |      0 |   3425 |   5 |  846.2 |
               +--------+--------+--------+--------+--------+-----+--------+

Top non-repeatable levels by time:
     D:4: 1271 daAuts
     D:2: 1158 daAuts
     D:1: 861 daAuts
     D:3: 835 daAuts
     D:5: 106 daAuts
